 Dungeon Crawl Stone Soup version 0.26-a0-259-g1effd001a9 (webtiles) character file.

Game seed: 14266004776583690981

3011 Apogee the Cruncher (level 9, -6/55 HPs)
             Began as a Gargoyle Gladiator on July 20, 2020.
             Was a Priest of Okawaru.
             Killed by divine providence
             ... invoked by an orc priest
              (8 damage)
             ... on level 9 of the Dungeon.
             The game lasted 00:16:18 (9449 turns).

Apogee the Cruncher (Gargoyle Gladiator)            Turns: 9449, Time: 00:16:18

Health: -6/55      AC: 13    Str: 18    XL:     9   Next: 84%
Magic:  9/9        EV: 11    Int:  9    God:    Okawaru [***...]
Gold:   438        SH:  0    Dex: 14    Spells: 8/8 levels left

rFire    . . .     SeeInvis .   a - +1 quarterstaff
rCold    . . .     Faith    .   (shield currently unavailable)
rNeg     + . .     Spirit   .   E - +0 ring mail
rPois    ∞         Reflect  .   c - +0 helmet
rElec    +         Harm     .   (no cloak)
rCorr    .                      u - +0 pair of gloves
MR       .....                  (no boots)
Stlth    ++........             (no amulet)
HPRegen  0.18/turn              j - ring of stealth
MPRegen  0.11/turn              (no ring)

@: no status effects
A: negative energy resistance 1, electricity resistance, unbreathing,
petrification resistance, rot immunity, AC +6
a: Heroism, Renounce Religion


You were on level 9 of the Dungeon.
You worshipped Okawaru.
Okawaru was most pleased with you.
You were not hungry.

You visited 2 branches of the dungeon, and saw 10 of its levels.

You collected 438 gold pieces.

Inventory:

Hand Weapons
 a - a +1 quarterstaff (weapon)
Missiles
 d - 2 throwing nets (quivered)
 I - 5 javelins
Armour
 b - a +0 leather armour
 c - a +0 helmet (worn)
 m - a +0 scale mail
 u - a +0 pair of gloves (worn)
 y - a +0 chain mail
 E - a +0 ring mail (worn)
Jewellery
 j - a ring of stealth (left hand)
 l - an uncursed ring of resist corrosion
 G - an uncursed ring of ice {unknown}
Wands
 J - a wand of flame (26)
Scrolls
 e - 10 scrolls of remove curse
 g - 9 scrolls of identify {unknown}
 h - 2 scrolls of enchant armour {unknown}
 i - 3 scrolls of magic mapping {unknown}
 n - 3 scrolls of random uselessness {unknown}
 o - 3 scrolls of teleportation {unknown}
 q - 2 scrolls of immolation {unknown}
 s - 3 scrolls of amnesia {unknown}
 w - a scroll of acquirement {unknown}
 x - a scroll of enchant weapon
Potions
 k - 2 potions of brilliance {unknown}
 p - 2 potions of mutation {unknown}
 r - 7 potions of curing {unknown}
 t - a potion of ambrosia {unknown}
 v - a potion of cancellation {unknown}
 z - 2 potions of stabbing {unknown}
 A - a potion of berserk rage
 B - a potion of might {unknown}
 C - a potion of flight {unknown}
 D - 2 potions of haste {unknown}
 F - 2 potions of invisibility {unknown}
 H - a potion of heal wounds {unknown}
Comestibles
 f - 30 rations


   Skills:
 + Level 6.0 Fighting
 * Level 12.3 Staves
 - Level 1.7 Throwing
 - Level 2.4 Dodging


You had 8 spell levels left.
You didn't know any spells.
Your spell library contained the following spells:

 Spells                   Type           Power        Failure   Level
 Apportation              Tloc           #.....       58%         1
 Freeze                   Ice            #...         58%         1
 Sandblast                Erth           #.....       58%         1
 Shock                    Conj/Air       #...         58%         1
 Summon Butterflies       Summ           #.......     58%         1
 Passwall                 Tmut/Erth      #.......     73%         2
 Swiftness                Chrm/Air       #.......     73%         2
 Frozen Ramparts          Ice            #.....       91%         3
 Lesser Beckoning         Tloc           #.........   91%         3
 Ozocubu's Armour         Chrm/Ice       #.......     91%         3
 Static Discharge         Conj/Air       #.......     91%         3
 Stone Arrow              Conj/Erth      #.....       91%         3
 Tukima's Dance           Hex            #.......     91%         3
 Airstrike                Air            #.........   100%        4
 Hailstorm                Conj/Ice       #.......     100%        4
 Petrify                  Tmut/Erth      #.......     100%        4
 Summon Ice Beast         Ice/Summ       #.......     100%        4
 Alistair's Intoxication  Tmut/Pois      #.......     100%        5
 Lee's Rapid Deconstruct  Erth           #.........   100%        5
 Lightning Bolt           Conj/Air       #.........   100%        5
 Invisibility             Hex            #.......     100%        6


Dungeon Overview and Level Annotations

Branches:
Dungeon (9/15)             Temple (1/1) D:4
   Lair: D:8-11         Orc: D:9-12

Altars:
Ashenzari
Cheibriados
Elyvilon
Hepliaklqana
Kikubaaqudgha
Makhleb
Okawaru
Qazlal
Ru
Trog
Uskayaw
Vehumet
Wu Jian
Xom
Yredelemnul
Zin
The Shining One

Shops:
D:7 }

Annotations:
D:6 Pikel
D:9 2 transporters, adozu's ghost, novice DrCj


Innate Abilities, Weirdness & Mutations

You are resistant to torment.
Your stone body is resilient. (AC +6)
You are immune to poison.
You resist negative energy. (rN+)
You are resistant to electric shocks. (rElec)
You can survive without breathing.
You are immune to petrification.
You are immune to rotting.


Message History

You hit the orc priest but do no damage.
The orc priest is moderately wounded.
The orc priest misses you.
You hit the orc priest.
The orc priest is heavily wounded.
You barely miss the orc priest.
The orc priest is heavily wounded.
The orc priest misses you.
Unknown command.
You hit the orc priest but do no damage.
The orc priest is heavily wounded.
The orc priest hits you with a +0 war axe.
* * * LOW HITPOINT WARNING * * *
You closely miss the orc priest.
The orc priest is heavily wounded.
You hit the orc priest.
The orc priest is heavily wounded.
The orc priest calls down the wrath of Beogh upon you.
Beogh smites you!
You die...

#
...#.########.#
..............#
..# #)# .. #..
#@# ... #.##o#
##.## ..#
#.#)##.....o
..# ##))[..#
#.###..#####
#..#.#.# #..#.#
##.#.######.#
#..........#


You could see an orc priest.

Vanquished Creatures
  A troll (D:9)
  Eustachio (D:6)
  Edmund (D:6)
  A water moccasin (D:9)
  A black bear (D:9)
  2 orc warriors (D:9)
  A sky beast (D:7)
  A necrophage (D:8)
  An ice beast (D:3)
  An ogre (D:7)
  A centaur (D:7)
  2 lemures (D:6)
  2 bullfrogs
  A wyvern skeleton (D:7)
  6 wights (D:8)
  A howler monkey (D:9)
  4 jellies
  3 hounds
  A quasit (D:8)
  4 orc priests
  A bullfrog skeleton (D:8)
  A centaur skeleton (D:8)
  3 orc wizards
  2 iguanas
  11 worker ants
  3 hound skeletons
  A worker ant zombie (D:9)
  3 gnolls
  15 adders
  A river rat (D:5)
  A shadow imp (D:4)
  A white imp (D:8)
  3 ufetubi
  2 adder skeletons
  3 adder zombies
  5 worms
  3 dart slugs
  4 leopard geckos
  29 orcs
  10 giant cockroaches
  8 goblins
  11 hobgoblins
  14 jackals
  2 quokkas
  4 ball pythons
  8 bats
  6 frilled lizards
  A jackal zombie (D:5)
  8 kobolds
  A quokka zombie (D:6)
  12 rats
213 creatures vanquished.

Notes
Turn   | Place    | Note
-------+----------+-------------------------------------------
     0 | D:1      | Apogee the Gargoyle Gladiator began the quest for the Orb.
     0 | D:1      | Reached XP level 1. HP: 12/12 MP: 1/1
   219 | D:1      | Reached XP level 2. HP: 17/17 MP: 2/2
  1007 | D:1      | Reached skill level 4 in Staves
  1007 | D:1      | Reached XP level 3. HP: 7/22 MP: 3/3
  1807 | D:2      | Reached XP level 4. HP: 27/27 MP: 4/4
  1959 | D:2      | Reached skill level 5 in Staves
  2375 | D:2      | Reached XP level 5. HP: 25/32 MP: 5/5
  2485 | D:2      | You fall into a shaft and drop 1 floor!
  2999 | D:3      | Noticed an ice beast
  3017 | D:3      | Killed an ice beast
  3017 | D:3      | Reached skill level 6 in Staves
  3017 | D:3      | Reached XP level 6. HP: 23/37 MP: 6/6
  3558 | D:3      | Found a faded altar of an unknown god.
  4129 | D:4      | Reached skill level 7 in Staves
  4302 | D:4      | Found a staircase to the Ecumenical Temple.
  4320 | Temple   | Entered the Ecumenical Temple
  4328 | Temple   | Became a worshipper of Warmaster Okawaru
  4464 | D:4      | Reached XP level 7. HP: 40/41 MP: 7/7
  4793 | D:5      | Entered Level 5 of the Dungeon
  4793 | D:5      | Found a glowing drain.
  5119 | D:5      | Reached * piety under Okawaru
  5119 | D:5      | Reached skill level 8 in Staves
  5407 | D:5      | Found a sacrificial altar of Ru.
  5692 | D:6      | Noticed Eustachio
  6055 | D:6      | Killed Eustachio
  6055 | D:6      | Reached XP level 8. HP: 45/48 MP: 8/8
  6149 | D:6      | Found a sacrificial altar of Ru.
  6215 | D:6      | Noticed Edmund
  6235 | D:6      | Killed Edmund
  6235 | D:6      | Reached skill level 9 in Staves
  6774 | D:6      | Noticed Pikel
  7091 | D:7      | Reached skill level 10 in Staves
  7296 | D:7      | Reached ** piety under Okawaru
  7465 | D:7      | Found Muwauzen's Gadget Boutique.
  7584 | D:7      | Found a stormy altar of Qazlal.
  7585 | D:7      | Noticed an air elemental
  7585 | D:7      | Noticed a water elemental
  7728 | D:7      | Reached skill level 5 in Fighting
  7856 | D:8      | Reached XP level 9. HP: 54/54 MP: 9/9
  8159 | D:8      | Reached skill level 11 in Staves
  8886 | D:9      | Noticed a death yak
  8887 | D:9      | Noticed a death yak
  8907 | D:9      | Noticed a troll
  8917 | D:9      | Killed a troll
  9167 | D:9      | Found a transporter.
  9168 | D:9      | Identified the +3 lajatang of a Gauntlet {vamp, MR+ SInv}
  9168 | D:9      | Noticed an orc knight
  9168 | D:9      | Noticed a troll
  9168 | D:9      | Noticed adozu's ghost (novice DrCj)
  9177 | D:9      | Reached *** piety under Okawaru
  9197 | D:9      | Reached skill level 12 in Staves
  9203 | D:9      | Found a transporter.
  9236 | D:9      | Noticed a death yak
  9245 | D:9      | Noticed a death yak
  9321 | D:9      | Noticed a moth of wrath
  9323 | D:9      | Found a bloodstained altar of Trog.
  9331 | D:9      | Identified the +10 war axe "Lyxkipys" {drain, Str+8 SInv
                  | Stlth-}
  9331 | D:9      | Noticed a tengu warrior
  9447 | D:9      | HP: 2/55 [orc priest/+0 war axe (5)]
  9449 | D:9      | Killed from afar by an orc priest

Illustrated notes

Levels and vault maps discovered:
D:1:      minmay_arrival_checkered_box, layout_basic, st_stairs_7,
          minmay_statues_item, minmay_shallow_snake_nest
D:2:      layout_rooms, minmay_lizard_pond
D:3:      layout_basic, chequers_ecumenical_altar_twisty
D:4:      layout_basic, minmay_temple_entry_offerings, first_ration,
          lightli_corner_chamber
D:5:      layout_basic, portal_sewer_entry_a, basic_altar
D:6:      layout_rooms, grunt_ministairs_13, hangedman_decor_push,
          nicolae_ru_sacrificial_ziggurat, uniq_eustachio, uniq_edmund,
          uniq_pikel
D:7:      layout_rooms, nicolae_qazlal_style_of_elements, serial_shops, shop
D:8:      layout_loops_cross
D:9:      layout_loops_ring, dpeg_lair_monsters, orc_0_dummy,
          gammafunk_ghost_wrathful_warriors, serial_shops, shop, hangedman_ranch
          [blue_anna_fruit_fields]
Temple:   dpeg_three_leaves_temple

Skill      XL: |  1  2  3  4  5  6  7  8  9 |
---------------+----------------------------+-----
Staves         | 4 5 6 7 8 10 12 | 12.3
Fighting       | 3 4 5 6 |  6.0
Throwing       | |  1.7
Dodging        | |  2.4

Action                   |  1- 3 |  4- 6 |  7- 9 || total
-------------------------+-------+-------+-------++-------
Melee: Quarterstaff      |   144 |   274 |   557 ||   975
Throw: Throwing net      |       |     2 |       ||     2
  Use: Scroll            |       |       |     5 ||     5
 Stab: Sleeping          |     3 |     7 |     6 ||    16
       Held in net/web   |       |     1 |       ||     1
       Distracted        |       |     1 |       ||     1
  Eat: Ration            |     1 |     2 |     5 ||     8
Armor: Leather armour    |    64 |   102 |     4 ||   170
       Ring mail         |       |       |   187 ||   187
Dodge: Dodged            |    86 |   130 |   262 ||   478

Table legend:
 A = Non-vault XP
 B = Vault XP
 C = Vault XP percentage of total XP
 D = Non-vault monster count
 E = Vault monster count
 F = Vault count percentage of total count
                 A         B        C        D         E       F
            +---------+---------+-------+---------+---------+-------
      Total |    3851 |     451 |  10.5 |     190 |      21 |  10.0
            +---------+---------+-------+---------+---------+-------
        D:1 |      68 |       5 |   6.8 |      22 |       4 |  15.4
        D:2 |      91 |       3 |   3.2 |      22 |       3 |  12.0
        D:3 |     303 |       0 |   0.0 |      39 |       0 |   0.0
        D:4 |     194 |       0 |   0.0 |      16 |       0 |   0.0
        D:5 |     287 |      26 |   8.3 |      21 |       7 |  25.0
        D:6 |      96 |     417 |  81.3 |       7 |       7 |  50.0
        D:7 |     841 |       0 |   0.0 |      23 |       0 |   0.0
        D:8 |    1019 |       0 |   0.0 |      26 |       0 |   0.0
        D:9 |     952 |       0 |   0.0 |      14 |       0 |   0.0
            +---------+---------+-------+---------+---------+-------
